 Dungeon Crawl Stone Soup version 0.21.1-1-g345015f (webtiles) character file.

205 Kairos the Charmwright (level 6, 0/47 HPs)
             Began as a Human Skald on Mar 25, 2018.
             Slain by Sigmund
             ... wielding a +3 scythe of venom
              (6 damage)
             ... on level 3 of the Dungeon.
             The game lasted 00:04:52 (2323 turns).

Kairos the Charmwright (Human Skald)                Turns: 2323, Time: 00:04:52

Health: 0/47       AC:  4    Str: 14    XL:     6   Next: 10%
Magic:  2/9        EV: 12    Int: 13    God:
Gold:   137        SH:  0    Dex: 12    Spells: 4/9 levels left

rFire    . . .     SeeInvis .   p - +0 war axe
rCold    + . .     Gourm    .   (no shield)
rNeg     . . .     Faith    .   b - +0 leather armour
rPois    .         Spirit   .   (no helmet)
rElec    .         Reflect  .   j - +0 cloak
rCorr    .         Harm     .   (no gloves)
MR       .....                  (no boots)
Stlth    +.........             i - amulet of regeneration
HPRegen  0.55/turn              m - ring of protection from cold (curse)
MPRegen  0.11/turn              (no ring)

@: lethally poisoned (0 -> -18), singing (expiring), very slightly contaminated
A: no striking features
a: no special abilities


You were on level 3 of the Dungeon.
You were very hungry.

You visited 1 branch of the dungeon, and saw 3 of its levels.

You collected 137 gold pieces.

Inventory:

Hand Weapons
 a - a +0 mace
 p - a +0 war axe (weapon)
Armour
 b - a +0 leather armour (worn)
 j - a +0 cloak (worn)
Jewellery
 i - an amulet of regeneration (around neck)
 m - a cursed ring of protection from cold (left hand)
Scrolls
 f - a scroll of identify {unknown}
 g - 2 scrolls of fog {unknown}
 l - 2 scrolls of blinking {unknown}
 q - a scroll of amnesia {unknown}
Potions
 e - 2 potions of degeneration {unknown}
 h - 2 potions of heal wounds {unknown}
 k - 2 potions of curing {unknown}
 o - a potion of cancellation {unknown}
Books
 c - a book of Battle

   Spells                             Type                      Level
   a - Infusion                       Charms                       1
   b - Shroud of Golubria             Charms/Translocation         2
   c - Song of Slaying                Charms                       2
   d - Spectral Weapon                Hexes/Charms                 3
   e - Regeneration                   Charms/Necromancy            3
Comestibles
 d - 7 rations


   Skills:
 + Level 3.2 Fighting
 + Level 1.7(2.7) Axes
 + Level 3.2(3.5) Maces & Flails
 + Level 1.5 Armour
 + Level 2.9 Dodging
 + Level 0.1 Stealth
 + Level 2.1 Spellcasting
 + Level 3.5 Charms


You had 4 spell levels left.
You knew the following spells:

 Your Spells              Type           Power        Failure   Level  Hunger
a - Infusion              Chrm           ##..         7%          1    ##.....
b - Song of Slaying       Chrm           ##......     11%         2    ###....
c - Shroud of Golubria    Chrm/Tloc      #.........   22%         2    ###....


Dungeon Overview and Level Annotations

Branches:
Dungeon (3/15)

Altars:

Annotations:
D:3 Sigmund


Message History

Sigmund is heavily wounded.
You feel very sick.
Unknown command.
You closely miss Sigmund.
Sigmund is heavily wounded.
You feel sick. Sigmund closely misses you.
Unknown command.
You closely miss Sigmund.
Sigmund is heavily wounded.
You hit the phantom but do no damage.
Your song is almost over.
You feel sick.
Sigmund hits you with a scythe of venom!
* * * LOW HITPOINT WARNING * * *
You are lethally poisoned!
The phantom barely misses you.
* * * LOW HITPOINT WARNING * * *
You feel very sick.
Sigmund hits you from afar with a scythe of venom.
You die...

..........#.........###.#
........................#
.......#......#.......#
.##### ...
..........##....#.#
###.#(((. ..#
#..#.##.###.....#
..#.#(### #(#
#...#.#.##.#.#.##
#.#....##
#.###..###....###..#
#<#.###.#
........#.####.#<### #..#
##. #.####.#.##
##W@####.# #..# #.
..##...#.# #.......#
#..## ##. ..##.....#
##@###### #.#.###.#
..##...###
##.########.##..)##
..###..#
######........##.###)...
..# #..#
#........####.##)# #####
..# #..#
#.######.#....(((# # ..#
#..# #.# #.#.##.#### #
..# #..# #.# #.#.##.# #


You could see a phantom and Sigmund.

Vanquished Creatures
  A centaur (D:3)
  Ijyb (D:3)
  5 adders
  2 worms (D:2)
  2 dart slugs (D:1)
  A ball python (D:1)
  4 bats
  2 giant cockroaches
  5 goblins
  6 hobgoblins
  3 jackals (D:2)
  6 kobolds
  A quokka (D:3)
  4 frilled lizards
  8 rats
51 creatures vanquished.

Notes
Turn   | Place    | Note
-------+----------+-------------------------------------------
     0 | D:1      | Kairos the Human Skald began the quest for the Orb.
     0 | D:1      | Reached XP level 1. HP: 16/16 MP: 3/3
   100 | D:1      | Reached XP level 2. HP: 8/22 MP: 5/5
   589 | D:1      | Reached XP level 3. HP: 27/27 MP: 6/6
  1203 | D:2      | Reached XP level 4. HP: 33/33 MP: 7/7
  1689 | D:3      | Noticed a phantom
  1828 | D:3      | Noticed a centaur
  1838 | D:3      | Killed a centaur
  1838 | D:3      | Reached XP level 5. HP: 23/41 MP: 3/8
  1854 | D:3      | Noticed Ijyb
  1855 | D:3      | Paralysed by Ijyb for 4 turns
  1878 | D:3      | Paralysed by Ijyb for 3 turns
  1883 | D:3      | Paralysed by Ijyb for 6 turns
  1893 | D:3      | Paralysed by Ijyb for 4 turns
  1902 | D:3      | Paralysed by Ijyb for 3 turns
  1905 | D:3      | Killed Ijyb
  1905 | D:3      | Reached skill level 1 in Axes
  2028 | D:3      | Reached XP level 6. HP: 35/47 MP: 5/9
  2157 | D:3      | Noticed Sigmund
  2304 | D:2      | Learned a level 2 spell: Song of Slaying
  2307 | D:2      | Learned a level 2 spell: Shroud of Golubria
  2323 | D:3      | Slain by Sigmund

Skill      XL: |  1  2  3  4  5 |
---------------+----------------+-----
Maces & Flails | 3 |  3.2
Fighting       | 3 |  3.2
Axes           | 1 |  1.7
Armour         | |  1.5
Dodging        | |  2.9
Stealth        | |  0.1
Spellcasting   | |  2.1
Charms         | |  3.5

Action                   |  1- 3 |  4- 6 || total
-------------------------+-------+-------++-------
Melee: Mace              |    94 |    36 ||   130
       War axe           |       |    80 ||    80
 Cast: Infusion          |     3 |     7 ||    10
       Shroud of Golubri |       |     1 ||     1
       Song of Slaying   |       |     1 ||     1
  Eat: Chunk             |       |     4 ||     4
Armor: Leather armour    |    30 |    23 ||    53
Dodge: Dodged            |    61 |    97 ||   158
